 Dungeon Crawl Stone Soup version 0.29.1-15-g9cfb28693d (webtiles) character file.

Game seed: 8260474891563966836

301 GigaChad the Chopper (level 6, 0/55 HPs)
             Began as a Minotaur Fighter on Mar 9, 2023.
             Succumbed to a scorpion's poison
             ... on level 3 of the Dungeon.
             The game lasted 00:02:42 (1947 turns).

GigaChad the Chopper (Minotaur Fighter)             Turns: 1947, Time: 00:02:43

Health: 0/55       AC:  7    Str: 22    XL:     6   Next: 14%
Magic:  5/5        EV: 10    Int:  5    God:
Gold:   166        SH:  4    Dex: 10    Spells: 5/5 levels left

rFire   . . .      SeeInvis .   a - +0 war axe
rCold   . . .      Faith    .   c - +0 buckler
rNeg    . . .      Spirit   .   b - +0 scale mail
rPois   .          Reflect  .   (helmet restricted)
rElec   .          Harm     .   (no cloak)
rCorr   .          Rampage  .   (no gloves)
Will    .....                   (no boots)
Stlth   ..........              (no amulet)
HPRegen 0.18/turn               (no ring)
MPRegen 0.09/turn               (no ring)

@: lethally poisoned (0 -> -9)
A: horns 2, retaliatory headbutt
a: no special abilities


You were on level 3 of the Dungeon.
You visited 1 branch of the dungeon, and saw 3 of its levels.

You collected 166 gold pieces.

Inventory:

Hand Weapons
 a - a +0 war axe (weapon)
Armour
 b - a +0 scale mail (worn)
 c - a +0 buckler (worn)
Wands
 i - a wand of roots (1)
Scrolls
 e - 2 scrolls of fear {unknown}
 f - 2 scrolls of teleportation {unknown}
 h - a scroll of enchant armour {unknown}
Potions
 d - a potion of might
 g - 2 potions of lignification {unknown}
 j - a potion of attraction {unknown}
 k - a potion of brilliance {unknown}


   Skills:
 + Level 4.9 Fighting
 + Level 5.2 Axes
 + Level 4.3 Armour
 + Level 2.1 Dodging
 + Level 0.1 Stealth
 + Level 4.7 Shields


You had 5 spell levels left.
You didn't know any spells.
Your spell library was empty.

Dungeon Overview and Level Annotations

Branches:
Dungeon (3/15)

Altars:
Zin


Innate Abilities, Weirdness & Mutations

You have a pair of horns on your head.
You reflexively headbutt those who attack you in melee.


Message History

You block the goblin's attack. The scorpion stings you.
You are more poisoned.
The scorpion poisons you!
You closely miss the goblin. You headbutt the goblin.
You kill the goblin!
You hit the scorpion but do no damage.
You feel very sick. You block the scorpion's attack.
You closely miss the orc. You completely miss the scorpion.
You feel very sick. The scorpion stings you. The orc barely misses you.
The scorpion stings you but does no damage.
You closely miss the orc. You hit the scorpion.
You feel very sick. The orc barely misses you. You furiously retaliate!
You headbutt the orc, but do no damage. The scorpion stings you.
* * * LOW HITPOINT WARNING * * *
The orc hits you with a +0 hand axe.
* * * LOW HITPOINT WARNING * * *
You hit the scorpion.
The scorpion is moderately wounded.
You slash the orc!
You kill the orc!
* * * LOW HITPOINT WARNING * * *
You feel sick. The scorpion closely misses you. The scorpion stings you.
* * * LOW HITPOINT WARNING * * *
You are more poisoned.
The scorpion poisons you!
You barely miss the scorpion.
The scorpion is moderately wounded.
You barely miss the orc.
* * * LOW HITPOINT WARNING * * *
You feel very sick. The scorpion completely misses you.
The orc closely misses you. You furiously retaliate!
You headbutt the orc. The scorpion closely misses you.
Unknown command.
You hit the scorpion. You headbutt the scorpion.
The scorpion is severely wounded.
You hit the orc.
You die...

..#### ..########
..........
.######### ###
.........# .!##
########.# ###..
###.# ...#
#...#####.########.
#.#......gs@oJo....
#.#.#####.#########
#)#.# #... #.#.#
###.# #.#.# ...
#...# #.# ##### ...
##


You could see a scorpion, 2 orcs, an endoplasm and a goblin.

Vanquished Creatures
  Sigmund (D:2)
  Jessica (D:2)
  Robin (D:2)
  2 adders
  A worm (D:2)
  2 dart slugs
  7 orcs
  5 ball pythons
  9 bats
  4 endoplasms
  9 hobgoblins
  2 jackals (D:1)
  2 quokkas (D:1)
  3 frilled lizards
  15 goblins
  4 kobolds
  4 rats
72 creatures vanquished.

Notes
Turn   | Place    | Note
-------+----------+-------------------------------------------
     0 | D:1      | GigaChad the Minotaur Fighter began the quest for the Orb.
     0 | D:1      | Reached XP level 1. HP: 19/19 MP: 0/0
    51 | D:1      | Reached XP level 2. HP: 27/27 MP: 1/1
   255 | D:1      | Reached skill level 3 in Axes
   409 | D:1      | Reached XP level 3. HP: 33/33 MP: 2/2
   716 | D:2      | Found a faded altar of an unknown god.
   860 | D:2      | Noticed Sigmund
   871 | D:2      | Noticed Robin
   879 | D:2      | Killed Sigmund
   880 | D:2      | Reached skill level 4 in Axes
   880 | D:2      | Reached skill level 1 in Dodging
   880 | D:2      | Reached XP level 4. HP: 22/41 MP: 3/3
   880 | D:2      | Reached XP level 5. HP: 26/47 MP: 4/4
   889 | D:2      | Killed Robin
  1171 | D:2      | Found a glowing silver altar of Zin.
  1298 | D:2      | Reached skill level 5 in Axes
  1391 | D:2      | Noticed Jessica
  1396 | D:2      | Killed Jessica
  1397 | D:2      | Reached XP level 6. HP: 40/55 MP: 5/5
  1946 | D:3      | HP: 1/55 [poisoned by a scorpion]
  1947 | D:3      | Succumbed to a scorpion's poison

Illustrated notes

Levels and vault maps discovered:
D:1:      minmay_arrival_wavy_path, layout_rooms, hex_intersection
D:2:      layout_loops_ring, hellmonk_ecumenical_altar_defaced_shrine,
          basic_altar, minmay_misc_feat_hallway, kennysheep_nub,
          minmay_strange_pillars, uniq_sigmund, uniq_jessica, uniq_robin
D:3:      layout_basic

Skill      XL: |  1  2  3  4  5 |
---------------+----------------+-----
Fighting       | 4 |  4.9
Axes           | 3 4 5 |  5.2
Shields        | 4 |  4.7
Armour         | 4 |  4.3
Dodging        | 1 2 |  2.1
Stealth        | |  0.1

Action                   |  1- 3 |  4- 6 || total
-------------------------+-------+-------++-------
Melee: War axe           |    69 |    49 ||   118
       Headbutt          |     5 |     7 ||    12
  Use: Scroll            |     1 |       ||     1
Armor: Scale mail        |    57 |    18 ||    75
Dodge: Dodged            |    54 |    34 ||    88
Block: Buckler           |    28 |    18 ||    46
